 Dungeon Crawl Stone Soup version 0.21.0 (webtiles) character file.

189 Suckerboh the Ruffian (level 5, -2/52 HPs)
             Began as a Troll Monk on Jan 7, 2018.
             Slain by Suckerboh's ghost (16 damage)
             ... on level 4 of the Dungeon.
             The game lasted 00:03:45 (2138 turns).

Suckerboh the Ruffian (Troll Monk)                  Turns: 2138, Time: 00:03:45

Health: -2/52      AC:  5    Str: 19    XL:     5   Next: 40%
Magic:  4/4        EV: 11    Int:  6    God:
Gold:   113        SH:  0    Dex: 13    Spells: 4/4 levels left

rFire    . . .     SeeInvis .     - Unarmed
rCold    . . .     Gourm    +   (no shield)
rNeg     . . .     Faith    .   a - +0 robe
rPois    .         Spirit   .   (helmet restricted)
rElec    .         Reflect  .   (no cloak)
rCorr    .         Harm     .   (gloves unavailable)
MR       .....                  (boots unavailable)
Stlth    ++........             (no amulet)
HPRegen  0.57/turn              (no ring)
MPRegen  0.09/turn              (no ring)

@: no status effects
A: large, unfitting armour, claws 3, fast metabolism 3, gourmand, regeneration
1, shaggy fur 1, tough skin 2
a: no special abilities


You were on level 4 of the Dungeon.
You were full.

You visited 1 branch of the dungeon, and saw 4 of its levels.

You collected 113 gold pieces.

Inventory:

Armour
 a - a +0 robe (worn)
Jewellery
 f - an uncursed amulet of the gourmand {unknown}
 j - an uncursed ring of poison resistance {unknown}
Wands
 m - a wand of acid (2)
Scrolls
 d - 2 scrolls of identify {unknown}
 g - a scroll of amnesia {unknown}
 h - 2 scrolls of teleportation {unknown}
 i - a scroll of enchant weapon {unknown}
Potions
 c - 2 potions of heal wounds {unknown}
 e - a potion of magic {unknown}
 k - a potion of curing {unknown}
Books
 l - a book of Cantrips

   Spells                             Type                      Level
   a - Confusing Touch                Hexes                        1
   b - Animate Skeleton               Necromancy                   1
   c - Summon Small Mammal            Summoning                    1
   d - Apportation                    Translocation                1
Comestibles
 b - 7 rations


   Skills:
 + Level 2.9 Fighting
 + Level 3.4 Dodging
 - Level 1.0 Stealth
 + Level 5.0 Unarmed Combat


You had 4 spell levels left.
You didn't know any spells.

Dungeon Overview and Level Annotations

Branches:
Dungeon (4/15)
 Temple: D:4-7

Altars:

Annotations:
D:4 Suckerboh's ghost, amateur TrMo


Innate Abilities, Weirdness & Mutations

You are too large for most types of armour.
You have claws for hands.
Your metabolism is lightning-fast.
You like to eat raw meat.
Your natural rate of healing is unusually fast.
You are covered in fur. (AC +1)
You have very tough skin. (AC +2)


Message History

Suckerboh's ghost hits you.
You barely miss Suckerboh's ghost.
Suckerboh's ghost is moderately damaged.
You claw Suckerboh's ghost!
Suckerboh's ghost is heavily damaged.
Suckerboh's ghost barely misses you.
You barely miss Suckerboh's ghost.
Suckerboh's ghost is heavily damaged.
Suckerboh's ghost hits you.
You closely miss Suckerboh's ghost.
Suckerboh's ghost is heavily damaged.
Suckerboh's ghost hits you!
You closely miss Suckerboh's ghost.
Suckerboh's ghost is heavily damaged.
Suckerboh's ghost hits you!
* * * LOW HITPOINT WARNING * * *
You barely miss Suckerboh's ghost.
Suckerboh's ghost is heavily damaged.
Suckerboh's ghost hits you!
You die...

#.....# ##. ###.###
...# #.# ##...# #.#
.....#######.# ##
.............##### ..
...#.#..#...(....# .#
≈..#..........##.##..#
≈≈.#...........W@....#
...W##..##.#.###.##.##
≈≈......##.......# #
≈≈......###...####
≈..###### #.....
.......# #.....
...###.# #.....
...###.# #..
#...##.####..


You could see Suckerboh's ghost.

Vanquished Creatures
  An orc wizard (D:3)
  5 adders
  An ooze (D:4)
  4 worms
  5 dart slugs
  3 leopard geckos
  9 orcs
  A ball python (D:3)
  6 giant cockroaches
  15 hobgoblins
  A quokka (D:2)
  8 bats
  3 frilled lizards
  5 goblins
  7 kobolds
  6 rats
80 creatures vanquished.

Notes
Turn   | Place    | Note
-------+----------+-------------------------------------------
     0 | D:1      | Suckerboh the Troll Monk began the quest for the Orb.
     0 | D:1      | Reached XP level 1. HP: 22/22 MP: 0/0
   159 | D:1      | Reached XP level 2. HP: 29/29 MP: 1/1
   347 | D:1      | Reached XP level 3. HP: 31/36 MP: 2/2
   897 | D:2      | Reached XP level 4. HP: 28/44 MP: 3/3
   956 | D:2      | Reached skill level 4 in Unarmed Combat
  1686 | D:3      | Reached XP level 5. HP: 52/52 MP: 4/4
  2052 | D:4      | Reached skill level 5 in Unarmed Combat
  2064 | D:4      | Noticed Suckerboh's ghost (amateur TrMo)
  2138 | D:4      | Slain by Suckerboh's ghost

Skill      XL: |  1  2  3  4  5 |
---------------+----------------+-----
Dodging        | 3 |  3.4
Unarmed Combat | 4 5 |  5.0
Fighting       | |  2.9
Stealth        | |  1.0

Action                   |  1- 3 |  4- 6 || total
-------------------------+-------+-------++-------
Melee: Unarmed           |   132 |    91 ||   223
       Punch             |     1 |     1 ||     2
Evoke: Wand              |       |     3 ||     3
 Stab: Sleeping          |     2 |     5 ||     7
  Eat: Chunk             |    14 |     8 ||    22
Armor: Robe              |    48 |    21 ||    69
Dodge: Dodged            |    70 |    35 ||   105
